 Dungeon Crawl Stone Soup version 0.29.1-15-g9cfb28693d (webtiles) character file.

Game seed: 9087919326690541559

13065 DemonSlayer the Thaumaturge (level 11, 0/77 HPs)
             Began as a Demonspawn Earth Elementalist on Mar 14, 2023.
             Was an Elder of Dithmenos.
             Slain by a spriggan defender zombie (17 damage)
             ... on level 2 of the Abyss.
             The game lasted 00:34:10 (13023 turns).

DemonSlayer the Thaumaturge (DsEE)                 Turns: 13023, Time: 00:34:11

Health: 0/77       AC: 11    Str:  4    XL:     11   Next: 70%
Magic:  10/34      EV: 16    Int: 25    God:    Dithmenos [****..]
Gold:   244        SH:  0    Dex: 24    Spells: 21/31 levels left

rFire   . . .      SeeInvis .   u - +2 great sword of the Ass {flame, +Blink Int+5}
rCold   . . .      Faith    .   (shield currently unavailable)
rNeg    . . .      Spirit   .   k - +1 robe of Makhleb's Supremacy {rPois Str-5 Int+4 Slay+2}
rPois   +          Reflect  .   d - +0 helmet
rElec   .          Harm     .   (no cloak)
rCorr   .          Rampage  +   i - +0 pair of gloves
Will    .....                   F - +2 pair of boots {rampage}
Stlth   +++++.....              m - amulet of regeneration
HPRegen 1.02/turn               G - +6 ring of dexterity
MPRegen 0.24/turn               c - ring of magical power

@: mighty, wreathed by umbra
A: claws 2, slimy green scales 2, demonic guardian 3, [no potion heal 2]
a: Renounce Religion, Evoke Blink, Shadow Step


You were on level 2 of the Abyss.
You worshipped Dithmenos.
Dithmenos was greatly pleased with you.
You visited 3 branches of the dungeon, and saw 12 of its levels.
You visited the Abyss 1 time.
You also visited: Ossuary and Bailey.

You collected 653 gold pieces.
You spent 409 gold pieces at shops.

Inventory:

Hand Weapons
 h - a +8 dagger
 u - the +2 great sword of the Ass (weapon) {flame, +Blink Int+5}
   (You bought it in a shop on level 5 of the Dungeon)

   It burns those it strikes, dealing additional fire damage.
   Big, fiery blades are also staple armaments of hydra-hunters.
   Int:       It affects your intelligence (+5).
   +Blink:    It lets you blink.
Missiles
 x - 9 curare-tipped darts
 y - 2 throwing nets
Armour
 d - a +0 helmet (worn)
 i - a +0 pair of gloves (worn)
 k - the +1 robe of Makhleb's Supremacy (worn) {rPois Str-5 Int+4 Slay+2}
   (You found it on level 2 of the Dungeon)

   Str:       It affects your strength (-5).
   Int:       It affects your intelligence (+4).
   Slay:      It affects your accuracy & damage with ranged weapons and melee
   (+2).
   rPois:     It protects you from poison.
 F - a +2 pair of boots of rampaging (worn)
Jewellery
 c - a ring of magical power (right hand)
 m - an amulet of regeneration (around neck)
 p - a ring of protection from cold
 r - a ring of willpower
 G - a +6 ring of dexterity (left hand)
 H - a ring of protection from cold
Wands
 n - a wand of flame (12)
Scrolls
 e - 3 scrolls of amnesia
 j - 4 scrolls of teleportation
 o - 2 scrolls of fear
 s - 3 scrolls of fog
 C - 2 scrolls of identify
 E - 2 scrolls of blinking
Potions
 a - 8 potions of curing
 b - a potion of magic
 f - 3 potions of mutation {unknown}
 g - 7 potions of might
 l - 2 potions of ambrosia {unknown}
 q - 3 potions of heal wounds {unknown}
 t - 4 potions of haste {unknown}
 v - a potion of lignification {unknown}
 w - 3 potions of invisibility {unknown}
 z - 4 potions of flight {unknown}
 A - 2 potions of attraction {unknown}
 B - 6 potions of brilliance {unknown}
 D - 2 potions of degeneration {unknown}


   Skills:
 + Level 4.1 Fighting
 + Level 0.4(3.1) Short Blades
 + Level 5.0 Long Blades
 + Level 0.5 Throwing
 + Level 5.0 Dodging
 + Level 5.1 Stealth
 + Level 10.7 Spellcasting
 + Level 5.0 Conjurations
 + Level 0.8 Transmutations
 + Level 9.7 Earth Magic


You had 21 spell levels left.
You knew the following spells:

 Your Spells              Type           Power      Damage    Failure   Level
a - Sandblast             Erth           100%       2d20      1%          1
b - Passwall              Tmut/Erth      32%        N/A       1%          2
c - Stone Arrow           Conj/Erth      100%       3d13      1%          3
d - Petrify               Tmut/Erth      39%        N/A       5%          4

Your spell library contained the following spells:

 Spells                   Type           Power      Damage    Failure   Level
 Shock                    Conj/Air       100%       1d9       1%          1
 Static Discharge         Conj/Air       25%        3-7/arc   2%          2
 Leda's Liquefaction      Hex/Erth       18%        N/A       6%          4
 Call Canine Familiar     Summ           13%        N/A       14%         3
 Ozocubu's Armour         Ice            13%        N/A       14%         3
 Portal Projectile        Hex/Tloc       26%        N/A       14%         3
 Swiftness                Air            13%        N/A       14%         3
 Airstrike                Air            6%         2d(1-17)  41%         4
 Summon Lightning Spire   Summ/Air       13%        N/A       41%         4
 Lightning Bolt           Conj/Air       12%        1d26      41%         5
 Ozocubu's Refrigeration  Ice            6%         4d8       100%        7
 Storm Form               Tmut/Air       7%         N/A       100%        7
 Maxwell's Capacitive Co  Air            6%         ∞         100%        8


Dungeon Overview and Level Annotations

Branches:
Dungeon (10/15)            Temple (1/1) D:5            Lair (1/5) D:8
Ossuary (visited)          Bailey (visited)
    Orc: D:9-12

Altars:
Ashenzari
Cheibriados
Dithmenos
Fedhas
Gozag
Hepliaklqana
Kikubaaqudgha
Makhleb
Nemelex Xobeh
Okawaru
Qazlal
Ru
Sif Muna
Trog
Uskayaw
Vehumet
Wu Jian
Xom
Yredelemnul

Shops:
D:5 *   D:6 *   D:7 :   D:9 [   D:10 (


Innate Abilities, Weirdness & Mutations

You have very sharp fingernails.
You are mostly covered in slimy green scales. (AC +3)
A powerful demonic guardian rushes to your aid.
[Potions cannot restore your health.]


Message History

The spriggan defender zombie misses you.
You are too injured to fight recklessly!
You miss the spriggan defender zombie.
The spriggan defender zombie is heavily damaged.
The spriggan defender zombie hits you but does no damage.
The spriggan defender zombie hits you!
You closely miss the spriggan defender zombie.
The spriggan defender zombie is heavily damaged.
The spriggan defender zombie hits you!
* * * LOW HITPOINT WARNING * * *
The spriggan defender zombie hits you!
* * * LOW HITPOINT WARNING * * *
A demonic guardian appears!
You swap places.
The spriggan defender zombie barely misses your smoke demon.
Your smoke demon hits the spriggan defender zombie!
Your smoke demon barely misses the spriggan defender zombie.
Your smoke demon hits the spriggan defender zombie.
The spriggan defender zombie hits your smoke demon!
The spriggan defender zombie hits your smoke demon!!
Your smoke demon closely misses the spriggan defender zombie.
Your smoke demon completely misses the spriggan defender zombie.
Your smoke demon hits the spriggan defender zombie.
The spriggan defender zombie barely misses your smoke demon.
Your smoke demon barely misses the spriggan defender zombie.
Your smoke demon hits the spriggan defender zombie. x2
The spriggan defender zombie hits your smoke demon.
Your smoke demon dies!
Your smoke demon disappears in a puff of smoke!
A smoke demon comes into view.
You feel very mighty all of a sudden.
You closely miss the spriggan defender zombie.
The spriggan defender zombie is severely damaged.
The spriggan defender zombie hits you but does no damage.
The spriggan defender zombie barely misses you.
You barely miss the spriggan defender zombie.
The spriggan defender zombie is severely damaged.
The spriggan defender zombie misses you.
The spriggan defender zombie hits you!
You die...

....... ..#.. .
.......
.......##.#
......#.#.#
........#.#
#.....#.# ####
###@#.#
#.#....##Z#.#
###
.#####.#.#.#.##
. ..
..............#
#.# ##.###
###.#.# #.# ...
.. ... .....#
##.## .#
.##....... ##.
###.##### #
##.# .# ##...


You could see a spriggan defender zombie.

Vanquished Creatures
  A hydra (D:9)
  A two-headed ogre (D:9)
  A wretched star (Abyss:2)
  2 wizards (D:10)
  A manticore (D:10)
  Joseph (D:9)
  A centaur skeleton (Abyss:2)
  A gargoyle (Bailey)
  A kobold demonologist (D:9)
  4 trolls (D:9)
  A hornet (D:9)
  A shadow (D:9)
  A wyvern (D:8)
  A vampire (Bailey)
  6 yaks (D:9)
  A wraith (D:6)
  The ghost of Mickster the Cutter, an amateur MiWn (D:4)
  A chaos spawn (Abyss:2)
  Menkaure (D:6)
  Edmund (D:4)
  3 water moccasins
  4 orc warriors (D:9)
  A black bear (D:5)
  An ogre (D:4)
  2 centaurs
  2 small abominations (Abyss:2)
  2 kobold brigands
  Blork the orc (D:6)
  4 bullfrogs
  2 necrophages
  A gnoll sergeant (D:6)
  2 scorpions
  A water moccasin zombie (Ossuary)
  14 wights
  7 killer bees
  8 vampire bats (Bailey)
  4 howler monkeys (D:9)
  7 wolf zombies (Bailey)
  A bullfrog zombie (Ossuary)
  3 centaur zombies (Ossuary)
  An orc priest (D:4)
  3 hounds
  A human zombie (Ossuary)
  Jessica (D:2)
  A gnoll bouda (D:7)
  5 iguanas
  4 orc wizards
  Terence (D:3)
  2 scorpion zombies (Ossuary)
  2 ogre zombies (Ossuary)
  12 gnolls
  9 adders
  A shadow imp (D:8)
  A white imp (D:7)
  4 ufetubi
  2 adder zombies (Ossuary)
  2 worms (D:2)
  5 dart slugs
  13 orcs
  8 endoplasms
  4 giant cockroaches
  2 gnoll zombies (Ossuary)
  7 goblins
  13 hobgoblins
  13 kobolds
  6 quokkas
  13 ball pythons
  3 bats
  3 frilled lizards
  6 goblin zombies (Ossuary)
  3 hobgoblin zombies (Ossuary)
  17 orc zombies
  2 rats
269 creatures vanquished.

Vanquished Creatures (collateral kills)
  A centaur warrior (D:9)
  A shadow (D:9)
  Duvessa (D:4)
  An orc warrior (D:8)
  Dowan (D:4)
  2 killer bees (D:9)
  A howler monkey (D:9)
  2 gnolls (D:5)
  An orc zombie (Bailey)
  An adder zombie (Ossuary)
  An orc (D:8)
13 creatures vanquished.

Vanquished Creatures (others)
  16 fungi (D:5)
16 creatures vanquished.

Grand Total: 298 creatures vanquished

Notes
Turn   | Place    | Note
-------+----------+-------------------------------------------
     0 | D:1      | DemonSlayer the Demonspawn Earth Elementalist began the
                  | quest for the Orb.
     0 | D:1      | Reached XP level 1. HP: 13/13 MP: 3/3
   281 | D:1      | Gained mutation: A weak demonic guardian rushes to your
                  | aid. [demonic ancestry]
   281 | D:1      | Reached XP level 2. HP: 19/19 MP: 0/5
   284 | D:1      | Learned a level 2 spell: Passwall
   411 | D:1      | Found a faded altar of an unknown god.
  1506 | D:2      | Identified the +1 robe of Makhleb's Supremacy {rPois Str-5
                  | Int+4 Slay+2}
  1578 | D:2      | Gained mutation: A demonic guardian rushes to your aid.
                  | [demonic ancestry]
  1578 | D:2      | Reached XP level 3. HP: 24/24 MP: 4/7
  1931 | D:2      | Noticed Jessica
  1936 | D:2      | Reached XP level 4. HP: 30/30 MP: 5/8
  1936 | D:2      | Killed Jessica
  1937 | D:2      | Reached skill level 3 in Spellcasting
  2359 | D:2      | Learned a level 3 spell: Stone Arrow
  2485 | D:3      | Noticed Terence
  2488 | D:3      | Killed Terence
  2552 | D:3      | Gained mutation: You have sharp fingernails. [demonic
                  | ancestry]
  2552 | D:3      | Reached XP level 5. HP: 35/35 MP: 7/10
  3182 | D:3      | Learned a level 4 spell: Petrify
  3221 | D:4      | Noticed Dowan
  3222 | D:4      | Noticed Duvessa
  3259 | D:5      | Entered Level 5 of the Dungeon
  3322 | D:5      | Reached skill level 4 in Spellcasting
  3572 | D:5      | Gained mutation: A powerful demonic guardian rushes to your
                  | aid. [demonic ancestry]
  3572 | D:5      | Reached XP level 6. HP: 41/41 MP: 10/12
  3676 | D:5      | Found Oseoggia's Assorted Antiques.
  3683 | D:5      | Bought a scroll labelled SOSUSI MOMNOF for 24 gold pieces
  3683 | D:5      | Bought 2 murky white potions for 43 gold pieces
  3683 | D:5      | Bought a scroll labelled TIMPYT RULEGHAH for 24 gold pieces
  3683 | D:5      | Bought a blue potion for 21 gold pieces
  3683 | D:5      | Bought a coppery potion for 21 gold pieces
  4064 | D:5      | Found a burning altar of Makhleb.
  4111 | D:5      | Found a staircase to the Ecumenical Temple.
  4172 | Temple   | Entered the Ecumenical Temple
  4690 | Temple   | Became a worshipper of Dithmenos the Shadowed
  4940 | D:4      | Noticed Edmund
  4947 | D:4      | Killed Edmund
  4948 | D:4      | Reached skill level 5 in Spellcasting
  4948 | D:4      | Reached skill level 5 in Earth Magic
  4948 | D:4      | Reached XP level 7. HP: 47/47 MP: 4/14
  5317 | D:4      | Found a runed translucent door.
  5442 | D:4      | Killed Duvessa
  5443 | D:4      | Killed Dowan
  5444 | D:4      | Reached XP level 8. HP: 35/53 MP: 8/16
  5516 | D:4      | Noticed Mickster's ghost (amateur MiWn)
  5779 | D:6      | Noticed Blork the orc
  5782 | D:6      | Killed Blork the orc
  5783 | D:6      | Reached skill level 6 in Spellcasting
  5886 | D:6      | Reached * piety under Dithmenos
  6043 | D:6      | Found Nionk's Overcharged Wands.
  6043 | D:6      | Noticed Menkaure
  6048 | D:6      | Reached skill level 1 in Conjurations
  6050 | D:6      | Killed Menkaure
  6095 | D:7      | Reached skill level 1 in Fighting
  6394 | D:7      | Reached skill level 7 in Spellcasting
  6579 | D:6      | Gained mutation: You have very sharp fingernails. [demonic
                  | ancestry]
  6579 | D:6      | Reached XP level 9. HP: 27/60 MP: 15/19
  7006 | D:4      | Reached ** piety under Dithmenos
  7013 | D:4      | Killed Mickster's ghost
  7446 | D:7      | Found Omosolu's Book Emporium.
  7544 | D:8      | Found a staircase to the Lair.
  7654 | D:8      | Found a sand-covered staircase.
  7658 | Ossuary  | Entered an ossuary
  7797 | Ossuary  | Reached skill level 8 in Spellcasting
  7851 | Ossuary  | Reached *** piety under Dithmenos
  7995 | Ossuary  | Noticed a silent spectre
  8241 | D:8      | Reached skill level 9 in Spellcasting
  8388 | D:8      | Found a blossoming altar of Fedhas.
  8388 | D:8      | Found a shimmering altar of Xom.
  8393 | D:8      | Found a shimmering blue altar of Sif Muna.
  8396 | D:8      | Found a basalt altar of Yredelemnul.
  8398 | D:8      | Found an ancient bone altar of Kikubaaqudgha.
  8814 | D:5      | Bought a polished great sword for 276 gold pieces
  8814 | D:5      | Identified the +2 great sword of the Ass {flame, +Blink
                  | Int+5} (You bought it in a shop on level 5 of the Dungeon)
  8861 | Lair:1   | Entered Level 1 of the Lair of Beasts
  8872 | D:9      | Noticed a troll
  8930 | D:9      | Noticed a troll
  8977 | D:9      | Gained mutation: You are partially covered in slimy green
                  | scales. (AC +2) [demonic ancestry]
  8977 | D:9      | Reached XP level 10. HP: 67/67 MP: 20/23
  9055 | D:9      | Found a flagged portal.
  9068 | Bailey   | Entered a bailey
  9252 | Bailey   | Noticed a gargoyle
  9258 | Bailey   | Killed a gargoyle
  9334 | Bailey   | Identified the +1 plate armour of Virtue {rF+ rN+ Dex+5
                  | Stlth-}
  9335 | Bailey   | Identified the +0 ring mail "Boischio" {rElec Int+4}
  9409 | Bailey   | Reached **** piety under Dithmenos
  9635 | Bailey   | Reached skill level 1 in Long Blades
 10076 | D:9      | Noticed a four-headed hydra
 10179 | D:9      | Killed a four-headed hydra
 10277 | D:9      | Reached skill level 10 in Spellcasting
 10290 | D:9      | Noticed a centaur warrior
 10300 | D:9      | Killed a centaur warrior
 10301 | D:9      | Gained mutation: You are mostly covered in slimy green
                  | scales. (AC +3) [demonic ancestry]
 10301 | D:9      | Reached XP level 11. HP: 50/75 MP: 17/25
 10418 | D:9      | Noticed a two-headed ogre
 10425 | D:9      | Killed a two-headed ogre
 11189 | D:9      | Found Waf Otint's Armour Shop.
 11372 | D:9      | Noticed Joseph
 11383 | D:9      | Killed Joseph
 11918 | D:10     | Entered Level 10 of the Dungeon
 12499 | D:10     | Found a stormy altar of Qazlal.
 12503 | D:10     | Found an opulent altar of Gozag.
 12719 | D:10     | Found Rotrok's Weapon Emporium.
 12793 | D:10     | Noticed a wizard
 12798 | D:10     | Killed a wizard
 12855 | D:10     | Noticed a wizard
 12859 | D:10     | Killed a wizard
 12860 | D:10     | Reached skill level 5 in Dodging
 12860 | D:10     | Reached skill level 5 in Stealth
 12864 | D:10     | Noticed a wizard
 12873 | Abyss:2  | Cast into level 2 of the Abyss (a wizard)
 12998 | Abyss:2  | Noticed a wretched star
 13005 | Abyss:2  | Killed a wretched star
 13006 | Abyss:2  | Reached skill level 5 in Long Blades
 13006 | Abyss:2  | Reached skill level 5 in Conjurations
 13023 | Abyss:2  | Slain by a spriggan defender zombie

Illustrated notes

Levels and vault maps discovered:
D:1:      dpeg_arrival_round_a, layout_basic, shapermc_ecumenical_altar_petra
D:2:      minmay_door_path, layout_basic, uniq_jessica
D:3:      layout_basic, uniq_terence
D:4:      layout_basic, ebering_ghost_sewer_d, uniq_duvessa, uniq_edmund
D:5:      layout_loops_cross, mainiacjoe_overflow_cross_hatched, temple_statues,
          serial_shops, nicolae_shop_trees, nrook_pool_corridor,
          minmay_misc_feat_square
D:6:      layout_cave_pools, nicolae_shop_overcharged_wands, uniq_menkaure,
          uniq_blork_the_orc
D:7:      layout_rooms, serial_shops, shop, st_stairs_11
D:8:      layout_rooms, nicolae_overflow_hallway_of_the_gods, lair_entry_dummy,
          enter_ossuary_5
D:9:      layout_layer_cave, enter_bailey_5, serial_shops,
          nicolae_shop_behind_doors, grunt_ministairs_13, nzn_random_ring,
          uniq_joseph
D:10:     minmay_smoke_and_mirrors, layout_loops_ring, minitemple,
          serial_rivers, chequers_serial_rivers_micro_b,
          chequers_serial_rivers_room_a, chequers_serial_rivers_room_a,
          chequers_serial_rivers_micro_e, serial_shops, kennysheep_little_box
Temple:   minmay_temple_forest_path
Lair:1:   minmay_guarded_unrand_snakebite, layout_cave_pods,
          gammafunk_ghost_grave
Abyss:2:  base:
D:1

Skill      XL: |  1  2  3  4  5  6  7  8  9 10 11 |
---------------+----------------------------------+-----
Earth Magic    | 3 4 5 7 8 9 |  9.7
Dodging        | 2 3 4 5 |  5.0
Stealth        | 2 3 4 5 |  5.1
Spellcasting   | 3 4 5 7 9 10 | 10.7
Conjurations   | 1 3 5 |  5.0
Fighting       | 1 2 3 4 |  4.1
Long Blades    | 3 5 |  5.0
Short Blades   | |  0.4
Throwing       | |  0.5
Transmutations | |  0.8

Action                   |  1- 3 |  4- 6 |  7- 9 | 10-12 || total
-------------------------+-------+-------+-------+-------++-------
Melee: Unarmed           |     4 |       |       |       ||     4
       Dagger            |     2 |     5 |    19 |       ||    26
       Great sword       |       |       |     4 |    82 ||    86
Throw: Dart              |       |     5 |       |       ||     5
       Throwing net      |       |     1 |       |       ||     1
 Cast: Sandblast         |    49 |    73 |   181 |    29 ||   332
       Stone Arrow       |       |     2 |    16 |   122 ||   140
  Use: Scroll            |       |     6 |    11 |     4 ||    21
       Potion            |       |       |       |     2 ||     2
 Stab: Sleeping          |     1 |     1 |     7 |     4 ||    13
       Distracted        |       |       |       |     1 ||     1
Armor: Robe              |     8 |    13 |    35 |    71 ||   127
Dodge: Dodged            |    16 |    25 |   114 |   181 ||   336
